 Dungeon Crawl Stone Soup version 0.28.0-45-g0d030f2227 (console) character file.

Game seed: 18086339831085541479

2 Banquo the Magician (level 1, -1/13 HPs)
             Began as a Mummy Hedge Wizard on Apr 21, 2022.
             Slain by a hobgoblin (2 damage)
             ... on level 1 of the Dungeon.
             The game lasted 00:01:13 (107 turns).

Banquo the Magician (Mummy Hedge Wizard)             Turns: 107, Time: 00:01:14

Health: -1/13      AC:  2    Str: 13    XL:     1   Next: 25%
Magic:  0/5        EV: 12    Int: 13    God:
Gold:   0          SH:  0    Dex: 11    Spells: 7/8 levels left

rFire   x . .      SeeInvis .   a - +0 dagger
rCold   + . .      Faith    .   (no shield)
rNeg    + + +      Spirit   .   b - +0 robe
rPois   ∞          Reflect  .   c - +0 hat
rElec   .          Harm     .   (no cloak)
rCorr   .          Rampage  .   (no gloves)
Will    .....                   (no boots)
Stlth   ++........              (no amulet)
HPRegen 0.04/turn               (no ring)
MPRegen 0.09/turn               (no ring)

@: no status effects
A: cold resistance 1, negative energy resistance 3, torment resistance 2, heat
vulnerability 1, no potions
a: no special abilities


You were on level 1 of the Dungeon.
You visited 1 branch of the dungeon, and saw 1 of its levels.

Inventory:

Hand Weapons
 a - a +0 dagger (weapon)
Armour
 b - a +0 robe (worn)
 c - a +0 hat (worn)


   Skills:
 - Level 1.5 Dodging
 - Level 1.5 Stealth
 + Level 4.1 Spellcasting
 * Level 0.8 Conjurations
 - Level 0.7 Summonings
 - Level 0.7 Translocations


You had 7 spell levels left.
You knew the following spells:

 Your Spells              Type           Power      Damage    Failure   Level
a - Magic Dart            Conj           16%        1d3       14%         1

Your spell library contained the following spells:

 Spells                   Type           Power      Damage    Failure   Level
 Slow                     Hex            8%         N/A       21%         1
 Blink                    Tloc           8%         N/A       22%         2
 Call Imp                 Summ           4%         N/A       22%         2
 Conjure Flame            Conj/Fire      3%         6-21      45%         3
 Mephitic Cloud           Conj/Pois/Air  3%         N/A       50%         3


Dungeon Overview and Level Annotations

Branches:
Dungeon (1/15)

Altars:


Innate Abilities, Weirdness & Mutations

You are immune to poison.
Your flesh is cold resistant. (rC+)
You are immune to negative energy. (rN+++)
You are immune to unholy pain and torment.
You are vulnerable to heat. (rF-)
You do not drink.


Message History

Press: ? - help, Shift-Dir - straight line, f/p - hobgoblin
Aim: a hobgoblin (lightly wounded, 100% to hit)
The magic dart hits the hobgoblin but does no damage.
The hobgoblin is lightly wounded.
Casting: Magic Dart (safe; 14% risk of failure)
Confirm with . or Enter, or press ? or * to list all spells.
Aiming: Magic Dart (safe; 14% risk of failure)
Press: ? - help, Shift-Dir - straight line, f/p - hobgoblin
Aim: a hobgoblin (lightly wounded, 100% to hit)
The magic dart hits the hobgoblin.
The hobgoblin is heavily wounded.
Casting: Magic Dart (safe; 14% risk of failure)
Confirm with . or Enter, or press ? or * to list all spells.
You don't have enough magic to cast this spell.
A bat comes into view.
You closely miss the bat. The bat hits you.
The bat hits you but does no damage. The hobgoblin closely misses you.
You barely miss the bat. The bat closely misses you. The hobgoblin hits you.
Casting: Magic Dart (safe; 14% risk of failure)
Confirm with . or Enter, or press ? or * to list all spells.
Aiming: Magic Dart (safe; 14% risk of failure)
Press: ? - help, Shift-Dir - straight line, f - bat, p - hobgoblin
Aim: a bat (100% to hit)
The magic dart hits the hobgoblin.
The hobgoblin is severely wounded.
The bat barely misses you. The bat hits you but does no damage.
The hobgoblin hits you.
You barely miss the hobgoblin.
The hobgoblin is severely wounded.
The bat hits you but does no damage. The hobgoblin hits you.
* * * LOW HITPOINT WARNING * * *
You barely miss the hobgoblin.
The hobgoblin is severely wounded.
The bat hits you.
* * * LOW HITPOINT WARNING * * *
The hobgoblin misses you.
You closely miss the hobgoblin.
The hobgoblin is severely wounded.
The bat hits you but does no damage. The hobgoblin hits you.
You die...

###.###..#
#..
+.'#'.#..#
#..
#.###.#..#
#..
##...#...##
#..
#....##### ..
##..### #.
##..##
##.##...#
#..@..#.#
#..bg.#.#
...........#
...........##
..........##
.........)#
...........
........###.


You could see a hobgoblin and a bat.

Vanquished Creatures
  A goblin (D:1)
  A ball python (D:1)
2 creatures vanquished.

Notes
Turn   | Place    | Note
-------+----------+-------------------------------------------
     0 | D:1      | Banquo the Mummy Hedge Wizard began the quest for the Orb.
     0 | D:1      | Reached XP level 1. HP: 13/13 MP: 5/5
   107 | D:1      | Slain by a hobgoblin

Illustrated notes

Levels and vault maps discovered:
D:1:      erik_arrival_triangle_small, layout_rooms,
          ebering_ecumenical_altar_abandoned, minmay_tromino_v4_b

Action                   || total
-------------------------++-------
Melee: Dagger            ||     5
 Cast: Magic Dart        ||     9
Armor: Robe              ||     4
Dodge: Dodged            ||     4
